AoeStats
← 954496522

Arena

507248045Analyzed
4v4 RM · 14d ago on Sep 17, 2026· 49m 47s· 8 players
Game mode
Random Map
Map size
Large (8 player)
Population
200
Speed
Normal
Resources
Standard
Victory
Conquest
Starting age
Dark Age
Ending age
Imperial Age
RankedLock teamsTeams togetherTeam positionsShared explorationLock speedFull tech treeHidden civsTurbo modeCheats
Victory
Defeat
🇮🇳 Mongols · India
1158
+12
🇩🇪 Tupi · Germany
1061
+16
🇨🇳 Poles · China
985
+19
🇭🇰 Bohemians · Hong Kong SAR China
958
+21
🇹🇼 Aztecs · Taiwan
1062
-17
🇨🇳 Mongols · China
1062
-17
🇨🇳 Spanish · China
1062
-48
🇹🇼 Persians · Taiwan
1054
-17
capybara56
10:19 Feudal Age
14:23 Castle Age
12:45 Double-Bit Axe
12:48 Horse Collar
17:25 Bow Saw
21:14 Heavy Plow
21:51 Stone Mining
22:23 Gold Mining
23:35 Wheelbarrow
22:53 Loom
29:27 Imperial Age
28:20 Bloodlines
28:10 Husbandry
29:33 Cavalier
31:01 Scale Barding Armor
31:07 Forging
31:26 Conscription
31:06 Savar
33:44 Chain Barding Armor
33:30 Town Watch
34:33 Iron Casting
39:08 Plate Barding Armor
39:34 Blast Furnace
46:44 Pikeman
47:29 Fletching
蒙式战车
10:33 Feudal Age
15:00 Castle Age
19:08 Pikeman
23:16 Horse Collar
26:02 Padded Archer Armor
25:53 Fletching
31:21 Fortified Wall
31:54 Nomads
42:48 Imperial Age
664209174
0:35 Loom
13:55 Feudal Age
15:13 Wheelbarrow
14:55 Double-Bit Axe
21:24 Horse Collar
24:10 Castle Age
21:59 Horse Collar
25:13 Gold Mining
34:24 Imperial Age
32:23 Bow Saw
33:12 Hand Cart
33:20 Heavy Plow
33:20 Stone Mining
34:19 Husbandry
34:33 Forging
34:40 Cavalier
35:30 Scale Barding Armor
36:21 Bloodlines
36:05 Town Watch
38:08 Iron Casting
37:56 Fortified Wall
38:07 Ballistics
40:04 Blast Furnace
41:29 Paladin
42:58 Chain Barding Armor
Heisenberg5566
9:37 Feudal Age
8:42 Loom
13:35 Castle Age
11:29 Double-Bit Axe
12:15 Loom
12:40 Gold Mining
13:31 Town Watch
16:02 Sanctity
19:03 Redemption
22:20 Fervor
29:20 Imperial Age
28:41 Squires
28:51 Devotion
30:51 Pikeman
32:02 Block Printing
35:24 Theocracy
36:00 Illumination
36:45 Atonement
37:08 Arson
39:02 Scale Mail Armor
39:12 Forging
39:23 Horse Collar
40:27 Wheelbarrow
43:20 Chain Mail Armor
44:55 Hand Cart
44:40 Town Patrol
46:24 Plate Mail Armor
46:29 Iron Casting
46:41 Iron Casting
47:40 Heavy Plow
47:52 Bow Saw
50:09 Crop Rotation
50:49 Blast Furnace
Journey
10:35 Feudal Age
14:39 Castle Age
12:26 Loom
12:40 Double-Bit Axe
13:57 Horse Collar
16:29 Bow Saw
18:44 Loom
25:48 Fletching
49:08 Heavy Plow
Madman
11:17 Feudal Age
12:53 Double-Bit Axe
12:49 Horse Collar
15:37 Castle Age
15:44 Stone Mining
17:59 Heavy Plow
23:33 Gold Mining
24:47 Fletching
25:29 Padded Archer Armor
26:01 Bodkin Arrow
27:05 Ballistics
28:01 Leather Archer Armor
31:35 Imperial Age
30:03 Wheelbarrow
29:15 Town Watch
29:16 Loom
30:29 Forging
31:03 Scale Barding Armor
31:26 Bloodlines
31:34 Husbandry
32:09 Chain Barding Armor
32:25 Iron Casting
31:22 Light Cavalry
32:43 Conscription
33:53 Chemistry
33:28 Hand Cart
33:14 Town Patrol
33:27 Bracer
33:26 Heavy Camel Rider
40:05 Blast Furnace
40:33 Bow Saw
41:14 Elite Mangudai
49:07 Parthian Tactics
48:47 Thumb Ring
48:12 Hussar
SemperBlender
12:18 Feudal Age
16:09 Castle Age
14:52 Horse Collar
15:01 Double-Bit Axe
15:28 Gold Mining
15:36 Stone Mining
16:54 Heavy Plow
17:08 Bow Saw
18:45 Gold Shaft Mining
18:51 Wheelbarrow
20:45 Hand Cart
21:25 Fletching
22:30 Loom
22:59 Bodkin Arrow
23:39 Ballistics
23:36 Padded Archer Armor
29:45 Leather Archer Armor
31:12 Town Watch
36:59 Imperial Age
37:53 Bracer
39:24 Chemistry
39:14 Conscription
41:12 Curare
41:50 Ring Archer Armor
43:05 Elite Blackwood Archer
45:41 Two-Man Saw
47:37 Hoardings
954496522
11:38 Feudal Age
16:11 Castle Age
15:10 Double-Bit Axe
15:08 Horse Collar
17:28 Bow Saw
19:50 Heavy Plow
23:34 Loom
24:24 Wheelbarrow
26:00 Hand Cart
29:11 Imperial Age
26:52 Scale Barding Armor
27:32 Szlachta Privileges
28:19 Chain Barding Armor
28:20 Husbandry
28:31 Bloodlines
29:04 Forging
28:58 Treadmill Crane
30:14 Conscription
29:50 Stone Mining
30:01 Cavalier
31:36 Iron Casting
31:51 Crop Rotation
33:01 Siege Engineers
34:09 Blast Furnace
33:02 Gold Mining
33:46 Devotion
35:56 Capped Ram
37:28 Ballistics
38:09 Chemistry
37:05 Murder Holes
37:21 Fortified Wall
37:50 Scale Mail Armor
38:48 Hoardings
39:17 Stone Shaft Mining
38:19 Siege Ram
40:28 Squires
40:14 Arson
40:48 Chain Mail Armor
44:33 Pikeman
45:48 Plate Mail Armor
Connection lost

Rejoining the realm…

Still unreachable

The connection could not be restored.

Session expired

The server has moved on; the page needs a fresh start.